 Dungeon Crawl Stone Soup version 0.30-a0-54-g2e61a25929 (webtiles) character file.

Game seed: 16412133632113851342

4543 IdlyInterested the Peltast (level 10, -5/77 HPs)
             Began as a Formicid Fighter on Sept 8, 2022.
             Was an Initiate of the Shining One.
             Slain by an orc warrior
             ... wielding a +0 halberd
              (11 damage)
             ... on level 6 of the Dungeon.
             The game lasted 00:27:19 (7256 turns).

IdlyInterested the Peltast (Formicid Fighter)       Turns: 7256, Time: 00:27:20

Health: -5/77      AC: 15    Str: 20 (21) XL:     10   Next: 67%
Magic:  10/10      EV:  6    Int:  8      God:    the Shining One [......]
Gold:   46         SH:  9    Dex: 13 (15) Spells: 9/9 levels left

rFire   . . .      SeeInvis +    z - staff of poison
rCold   . . .      Faith    .    c - +0 buckler
rNeg    . . .      Spirit   .    b - +0 plate armour
rPois   +          Reflect  .    (helmet unavailable)
rElec   .          Harm     .    f - +0 cloak
rCorr   .          Rampage  .    x - +2 pair of gloves
Will    +....                    (no boots)
Stlth   ..........               (no amulet)
HPRegen 0.22/turn                (no ring)
MPRegen 0.12/turn                (no ring)

@: glowing
A: permanent stasis, dig shafts and tunnels, antennae 3, four strong arms,
talons 1, clumsy 1, deterioration 1
a: Dig, Shaft Self, Renounce Religion


You were on level 6 of the Dungeon.
You worshipped the Shining One.
The Shining One was noncommittal.
You visited 2 branches of the dungeon, and saw 7 of its levels.
You also visited: Sewer.

You collected 296 gold pieces.
You spent 250 gold pieces at shops.

Inventory:

Hand Weapons
 a - a +0 flail
 p - a +0 whip of freezing
Missiles
 l - 5 boomerangs
 y - 6 poisoned darts
Armour
 b - a +0 plate armour (worn)
 c - a +0 buckler (worn)
 f - a +0 cloak (worn)
 t - a +0 pair of boots
 x - a +2 pair of gloves (worn)
Magical Staves
 z - a staff of poison (weapon)
Jewellery
 B - a +6 ring of dexterity
Wands
 d - a wand of polymorph (7) (quivered)
 n - a wand of digging (6)
Scrolls
 i - a scroll of enchant armour
 j - a scroll of torment {unknown}
 o - a scroll of butterflies
 q - 2 scrolls of enchant weapon
 u - a scroll of identify
 v - 2 scrolls of poison
 w - 2 scrolls of fear
 A - a scroll of vulnerability
Potions
 e - 5 potions of curing
 g - a potion of ambrosia
 h - 2 potions of mutation
 k - 4 potions of flight
 m - 3 potions of resistance
 r - a potion of cancellation
 s - a potion of heal wounds {unknown}
 C - a potion of brilliance {unknown}


   Skills:
 + Level 6.9 Fighting
 - Level 4.0(5.0) Maces & Flails
 + Level 4.5(5.2) Staves
 - Level 1.0 Throwing
 - Level 3.2 Armour
 - Level 2.0 Dodging
 - Level 1.0 Stealth
 * Level 18.5 Shields
 + Level 2.2 Evocations


You had 9 spell levels left.
You didn't know any spells.
Your spell library contained the following spells:

 Spells                   Type           Power      Damage    Failure   Level
 Apportation              Tloc           0%         N/A       100%        1
 Gell's Gravitas          Tloc           0%         N/A       100%        3
 Lesser Beckoning         Tloc           0%         N/A       100%        3
 Teleport Other           Tloc           0%         N/A       100%        3
 Animate Armour           Summ/Erth      0%         N/A       100%        4
 Alistair's Intoxication  Tmut/Pois      0%         N/A       100%        5
 Blade Hands              Tmut           0%         N/A       100%        5
 Iron Shot                Conj/Erth      0%         9d1       100%        6


Dungeon Overview and Level Annotations

Branches:
Dungeon (6/15)             Temple (1/1) D:6           Sewer (visited)

Altars:
Ashenzari
Dithmenos
Elyvilon
Gozag
Hepliaklqana
Kikubaaqudgha
Makhleb
Nemelex Xobeh
Qazlal
Ru
Sif Muna
Trog
Uskayaw
Wu Jian
Yredelemnul
The Shining One

Shops:
D:4 =?:!=


Innate Abilities, Weirdness & Mutations

You cannot be hasted, slowed, berserked, paralysed or teleported.
You can dig through walls and to a lower floor.
You have a pair of large antennae on your head. (SInv)
Your four strong arms can wield two-handed weapons with a shield.
You have sharp toenails.
You are clumsy. (Dex -2)
Your body sometimes deteriorates upon taking damage.


Message History

You hit the orc warrior.
The orc warrior is lightly wounded.
You block the orc warrior's attack.
You hit the orc warrior but do no damage.
Your kick misses the orc warrior.
The orc warrior is lightly wounded.
The orc priest calls upon Beogh to heal the orc warrior.
The orc warrior's wounds heal themselves!
The orc warrior hits you with a +0 halberd.
You hit the orc warrior but do no damage.
You claw the orc warrior, but do no damage.
The orc warrior hits you with a +0 halberd!!
You closely miss the orc warrior.
You claw the orc warrior, but do no damage.
The orc priest mumbles some strange prayers to Beogh against you.
Beogh smites you! You block the orc warrior's attack.
You barely miss the orc warrior. Your kick misses the orc warrior.
The orc warrior hits you with a +0 halberd.
* * * LOW HITPOINT WARNING * * *
You closely miss the orc warrior. Your kick misses the orc warrior.
You block the orc warrior's attack.
You closely miss the orc warrior. You block the orc warrior's attack.
You hit the orc warrior.
The orc warrior is lightly wounded.
The orc priest calls upon Beogh to heal the orc warrior.
The orc warrior's wounds heal themselves!
You block the orc warrior's attack.
You hit the orc warrior but do no damage.
The orc warrior hits you with a +0 halberd!
* * * LOW HITPOINT WARNING * * *
You hit the orc warrior but do no damage.
You claw the orc warrior.
The orc warrior is lightly wounded.
The orc warrior hits you with a +0 halberd!
* * * LOW HITPOINT WARNING * * *
You closely miss the orc warrior.
You claw the orc warrior, but do no damage.
The orc warrior is lightly wounded.
The orc warrior hits you with a +0 halberd!
You die...

.. ##.###### ### . .....
... #.#...# #.# #
#.#.#.# #.##.# .....#
#...
.#.########.#.#####.####
.....oo@...............#
<.###########.#####.##.#
#........)).# #.##..
#........)..+ ..###.
#...........# #### #.
#...........# #.
####...........# ##
#..............# #
#.##...........# #######


You could see an orc warrior and an orc priest.

Vanquished Creatures
  Pikel (D:4)
  Eustachio (D:6)
  A steam dragon (D:6)
  A water moccasin (D:5)
  Duvessa (D:4)
  A centaur (D:5)
  3 ogres
  3 phantoms (D:4)
  2 necrophages
  6 scorpions
  Dowan (D:4)
  A howler monkey (D:5)
  A bullfrog zombie (D:4)
  3 hounds (D:5)
  2 centaur zombies (D:4)
  2 orc priests (D:6)
  A centaur skeleton (D:4)
  Crazy Yiuf (D:2)
  Jessica (D:2)
  2 scorpion zombies (D:4)
  3 iguanas
  3 orc wizards
  Natasha (thrice) (D:4)
  A mummy (D:4)
  13 adders
  3 river rats (Sewer)
  A white imp (D:6)
  An ufetubus (D:5)
  3 adder skeletons (D:4)
  2 adder zombies (D:4)
  4 worms
  4 dart slugs
  12 orcs
  9 ball pythons
  9 endoplasms
  5 giant cockroaches
  3 goblins
  7 hobgoblins
  6 jackals
  6 quokkas
  17 bats
  5 frilled lizards
  A hobgoblin zombie (D:4)
  6 kobolds
  A kobold zombie (D:4)
  2 orc zombies (D:4)
  A quokka skeleton (D:4)
  8 rats
174 creatures vanquished.

Vanquished Creatures (collateral kills)
  A jackal zombie (D:5)
1 creature vanquished.

Grand Total: 175 creatures vanquished

Notes
Turn   | Place    | Note
-------+----------+-------------------------------------------
     0 | D:1      | IdlyInterested the Formicid Fighter began the quest for the
                  | Orb.
     0 | D:1      | Reached XP level 1. HP: 18/18 MP: 1/1
    75 | D:1      | Reached XP level 2. HP: 3/24 MP: 2/2
   537 | D:1      | Found a faded altar of an unknown god.
   913 | D:2      | Reached XP level 3. HP: 22/29 MP: 3/3
   992 | D:2      | Noticed Jessica
   998 | D:2      | Killed Jessica
   999 | D:2      | Reached skill level 1 in Dodging
   999 | D:2      | Reached skill level 5 in Shields
   999 | D:2      | Reached XP level 4. HP: 31/37 MP: 4/4
  1012 | D:2      | Gained mutation: You have large cloven feet. [potion of
                  | mutation]
  1351 | D:2      | Found a runed translucent door.
  1352 | D:2      | Noticed Crazy Yiuf
  1360 | D:2      | Killed Crazy Yiuf
  1459 | D:2      | Reached skill level 1 in Stealth
  1459 | D:2      | Reached XP level 5. HP: 42/42 MP: 5/5
  2004 | D:3      | Found a glowing drain.
  2045 | Sewer    | Entered a sewer
  2094 | Sewer    | Reached skill level 1 in Evocations
  2211 | Sewer    | Reached skill level 6 in Shields
  2245 | Sewer    | Reached XP level 6. HP: 49/49 MP: 6/6
  2977 | D:3      | Lost mutation: You have large cloven feet. [potion of
                  | mutation]
  2977 | D:3      | Gained mutation: Your body sometimes deteriorates upon
                  | taking damage. [potion of mutation]
  2977 | D:3      | Gained mutation: You have sharp toenails. [potion of
                  | mutation]
  2977 | D:3      | Gained mutation: You are clumsy. (Dex -2) [potion of
                  | mutation]
  3176 | D:3      | Reached skill level 1 in Throwing
  3498 | D:4      | Noticed Pikel
  3531 | D:4      | Killed Pikel
  3532 | D:4      | Reached skill level 5 in Fighting
  3532 | D:4      | Reached skill level 8 in Shields
  3532 | D:4      | Reached XP level 7. HP: 50/56 MP: 7/7
  3532 | D:4      | Reached XP level 8. HP: 56/63 MP: 8/8
  3615 | D:4      | Noticed Natasha
  3620 | D:4      | Killed Natasha
  3711 | D:4      | Noticed Natasha
  3715 | D:4      | Killed Natasha
  3716 | D:4      | Reached skill level 9 in Shields
  3778 | D:4      | Noticed Natasha
  3785 | D:4      | Killed Natasha
  3917 | D:4      | Found Pudytuj's Distillery.
  4000 | D:4      | Found Iweogyid's Jewellery Emporium.
  4152 | D:4      | Found Risucuam's Book Shoppe.
  4229 | D:4      | Found Qaakaox's Magic Scroll Shop.
  4360 | D:4      | Reached skill level 10 in Shields
  4370 | D:4      | Reached XP level 9. HP: 30/69 MP: 9/9
  4641 | D:4      | Found a broken altar of Ashenzari.
  4729 | D:4      | Found Keqoil's Jewellery Shop.
  4733 | D:4      | Noticed Duvessa
  4733 | D:4      | Noticed Dowan
  4742 | D:4      | Killed Duvessa
  4747 | D:4      | Killed Dowan
  5160 | D:4      | Reached skill level 18 in Shields
  5160 | D:4      | Reached XP level 10. HP: 77/77 MP: 10/10
  5231 | D:4      | Bought a scroll of enchant weapon for 75 gold pieces
  5231 | D:4      | Bought a scroll of brand weapon for 95 gold pieces
  5231 | D:4      | Bought a scroll of fear for 40 gold pieces
  5269 | D:5      | Entered Level 5 of the Dungeon
  6186 | D:4      | Bought a scroll of poison for 40 gold pieces
  6694 | D:6      | Noticed Eustachio
  6713 | D:6      | Found a staircase to the Ecumenical Temple.
  6729 | D:6      | Killed Eustachio
  6981 | Temple   | Entered the Ecumenical Temple
  7146 | Temple   | Became a worshipper of the Shining One
  7256 | D:6      | Slain by an orc warrior

Illustrated notes

Levels and vault maps discovered:
D:1:      shiori_shiawase, layout_rooms, shapermc_ecumenical_altar_flowoftime
D:2:      layout_loops_corners, grunt_decor_arrowhead,
          chequers_serial_rivers_room_b, uniq_crazy_yiuf_cottage, uniq_jessica
D:3:      layout_basic, portal_sewer_entry_a, ebering_dispersal_statue_hall
D:4:      nicolae_cairo_tiling, layout_basic, evilmike_ruin_ashenzari,
          serial_shops, nicolae_shop_trees, nicolae_diamond_shop,
          nicolae_shop_crystal, nicolae_shop_behind_doors, shop, serial_undead,
          serial_undead_f, serial_undead_b, serial_undead_d, serial_undead_e,
          minivault_19, minmay_mini_ossuary, uniq_duvessa, uniq_natasha,
          uniq_pikel
D:5:      layout_gridville, minmay_misc_feat_x
D:6:      layout_basic, minmay_temple_entry_wispy, uniq_eustachio
Temple:   bh_familiar_temple

Skill      XL: |  1  2  3  4  5  6  7  8  9 10 |
---------------+-------------------------------+-----
Dodging        | 1 2 |  2.0
Shields        | 5 6 8 10 18 | 18.5
Fighting       | 4 5 6 |  6.9
Stealth        | 1 |  1.0
Maces & Flails | 3 4 |  4.0
Evocations     | 1 2 |  2.2
Throwing       | 1 |  1.0
Staves         | 2 3 4 |  4.5
Armour         | |  3.2

Action                   |  1- 3 |  4- 6 |  7- 9 | 10-12 || total
-------------------------+-------+-------+-------+-------++-------
Melee: Flail             |    66 |    12 |       |       ||    78
       Quarterstaff      |       |   166 |   110 |   124 ||   400
       Kick              |       |    28 |    39 |    46 ||   113
       Staff             |       |       |       |    23 ||    23
  Use: Potion            |     2 |     7 |     1 |       ||    10
       Scroll            |       |     9 |     1 |     4 ||    14
 Stab: Confused          |       |       |     1 |       ||     1
Armor: Scale mail        |    63 |   129 |    40 |    19 ||   251
       Plate armour      |       |       |       |    56 ||    56
       Chain mail        |       |       |       |     5 ||     5
Dodge: Dodged            |    37 |   104 |    34 |    46 ||   221
Block: Buckler           |    24 |    62 |    34 |    66 ||   186

Table legend: (Time is in decaauts)
 A = Elapsed time spent in this place.
 B = Non-inter-level travel time spent in this place.
 C = Inter-level travel time spent in this place.
 D = Time resting spent in this place.
 E = Time spent auto-exploring this place.
 F = Levels seen in this place.
 G = Mean time per level.
                   A        B        C        D        E       F      G
               +--------+--------+--------+--------+--------+-----+--------+
         Total |   7525 |   6913 |    612 |   1573 |   3198 |   8 |  940.6 |
       Dungeon |   6349 |   5760 |    589 |   1507 |   2825 |   6 | 1058.2 |
        Temple |    188 |    165 |     23 |      0 |    159 |   1 |  188.0 |
         Sewer |    986 |    986 |      0 |     66 |    214 |   1 |  986.0 |
               +--------+--------+--------+--------+--------+-----+--------+

Top non-repeatable levels by time:
     D:4: 1950 daAuts
     D:2: 1144 daAuts
   Sewer: 986 daAuts
     D:1: 962 daAuts
     D:5: 883 daAuts
     D:6: 795 daAuts
     D:3: 614 daAuts
  Temple: 188 daAuts
